Workbook

Sheet PTO
G1: APORTE
B2: HA | C2: KM | D2: Número | E2: VALOR UNITARIO | F2: VALOR TOTAL | G2: GOBERNACIÓN | H2: ALCALDÍA
A3: AISLAMIENTO | C3: 1 | E3: =+'CERCA GUADUA EP'!E24 -> 12648072 | F3: =+'cerca en guadua '!E25 -> 12648072 | G3: =+F3 -> 12648072 | H3: 0
A4: SIEMBRA | B4: 4 | E4: =+'siembra '!E28 -> 9816077.6 | F4: =+'SIEMBRA EP'!E26 -> 39264310 | G4: =+F4 -> 39264310 | H4: 0
A5: TALLERES | D5: 5 | E5: 1109991 | F5: =+'talleres rurales dificil acceso'!E17 -> 4989355 | G5: 0 | H5: =+F5 -> 4989355
A6: FORTALECIMIENTO DE VIVEROS | D6: 4 | E6: 2499048 | F6: =+D6*E6 -> 9996192 | G6: 0 | H6: =+F6 -> 9996192
F7: =SUM(F3:F6) -> 66897929 | G7: =SUM(G3:G6) -> 51912382 | H7: =SUM(H3:H6) -> 14985547

Sheet talleres rurales dificil acceso
A1: DETALLE | B1: CANT | C1: UNIDAD | D1: COSTO UNITARIO | E1: COSTO TOTAL | I1: # talleres | J1: 5
A2: 1. COSTOS DIRECTOS
A3: 1.1 PERSONAL
A4: Facilitador taller (incluye viaticos de un dìa) | B4: =1*$J$1 -> 5 | C4: Taller | D4: 263516 | E4: =+D4*B4 -> 1317580
A5: Preparaciòn del taller y logistica | B5: =1*$J$1 -> 5 | C5: Taller | D5: 82109 | E5: =+D5*B5 -> 410545
A6: SUBTOTAL PERSONAL | B6: 2 | E6: =+SUM(E4:E5) -> 1728125
A7: 1.2 MATERIALES Y EQUIPOS
A8: Alquiler de equipos | B8: =1*$J$1 -> 5 | C8: Unidad | D8: 90000 | E8: =+B8*D8 -> 450000
A9: Alimentacion asistentes | B9: =20*$J$1 -> 100 | C9: Refrigerio | D9: 10000 | E9: =+B9*D9 -> 1000000
A10: Materiales | B10: 5 | C10: 5 | D10: 62246 | E10: =+D10*$J$1 -> 311230
A11: SUBTOTAL INSUMOS | E11: =+E8+E9+E10 -> 1761230
A12: SUBTOTAL DIRECTOS | E12: =E6+E11 -> 3489355
A13: 2. COSTOS INDIRECTOS
A14: 2.1 TRANSPORTE
A15: Transporte FACILITADOR a zona Rural | B15: =1*$J$1 -> 5 | C15: dia | D15: 300000 | E15: =+B15*D15 -> 1500000
A16: SUBTOTAL INDIRECTOS | E16: =+E15 -> 1500000
A17: COSTO TOTAL | E17: =+E12+E16 -> 4989355

Sheet SIEMBRA EP
A1: ACTIVIDAD | B1: CANT | C1: UNIDAD | D1: COSTO UNITARIO | E1: COSTO TOTAL | G1: # HA | H1: 4
A2: 1. COSTOS DIRECTOS
A3: 1.1 MANO DE OBRA
A4: ROCERIA ALTA para adecuación | B4: =+$H$1*'siembra '!B6 -> 18 | C4: Jornal | D4: ='mano de obra '!$E$32 -> 98352 | E4: =B4*D4 -> 1770336
A5: TRAZO | B5: =+$H$1*'siembra '!B7 -> 12 | C5: Jornal | D5: ='mano de obra '!$E$32 -> 98352 | E5: =B5*D5 -> 1180224
A6: AHOYADO | B6: =+$H$1*'siembra '!B8 -> 30 | C6: Jornal | D6: ='mano de obra '!$E$32 -> 98352 | E6: =B6*D6 -> 2950560
A7: PLATEO. | B7: =+$H$1*'siembra '!B9 -> 12 | C7: Jornal | D7: ='mano de obra '!$E$32 -> 98352 | E7: =B7*D7 -> 1180224
A8: FERTILIZACION | B8: =+$H$1*'siembra '!B10 -> 6 | C8: Jornal | D8: ='mano de obra '!$E$32 -> 98352 | E8: =B8*D8 -> 590112
A9: SIEMBRA | B9: =+$H$1*'siembra '!B11 -> 30 | C9: Jornal | D9: ='mano de obra '!$E$32 -> 98352 | E9: =B9*D9 -> 2950560
A10: RESIEMBRA | B10: =+$H$1*'siembra '!B12 -> 6 | C10: Jornal | D10: ='mano de obra '!$E$32 -> 98352 | E10: =B10*D10 -> 590112
A11: TRANSPORTE (menor) | B11: =+$H$1*'siembra '!B13 -> 12 | C11: Jornal | D11: ='mano de obra '!$E$32 -> 98352 | E11: =B11*D11 -> 1180224
A12: CONTROL FITOSANITARIO | B12: =+$H$1*'siembra '!B14 -> 6 | C12: Jornal | D12: ='mano de obra '!$E$32 -> 98352 | E12: =B12*D12 -> 590112
A13: SUBTOTAL MO | E13: =SUM(E4:E12) -> 12982464
A14: 1.2 INSUMOS
A15: PLANTULAS (incluye 10% pérdidas) | B15: =+$H$1*'siembra '!B17 -> 4800 | C15: PLANTULA | D15: 3500 | E15: =B15*D15 -> 16800000
A16: FERTILIZANTE ORGANICO (250 GR /Plantula) | B16: =+$H$1*'siembra '!B18 -> 1320 | C16: Kg | D16: ='cotizaciones '!P12/50 -> 740.34 | E16: =B16*D16 -> 977248.8
A17: CONTROLADOR ORGANICO DE DEFOLIADORES | B17: =+$H$1*'siembra '!B19 -> 16 | C17: litro | D17: ='cotizaciones '!P13 -> 74533 | E17: =B17*D17 -> 1192528
A18: FERTILIZANTE LIQUIDO ORGANICO | B18: =+$H$1*'siembra '!B20 -> 8 | C18: litro | D18: ='cotizaciones '!P14 -> 59275 | E18: =B18*D18 -> 474200
A19: CAL DOLOMITA (300gr/planta) | B19: =+$H$1*'siembra '!B21 -> 1440 | C19: Kg | D19: ='cotizaciones '!P15/50 -> 390.34 | E19: =B19*D19 -> 562089.6
A20: SUBTOTAL INSUMOS | E20: =SUM(E15:E19) -> 20006066
A21: SUBTOTAL DIRECTOS | E21: =E13+E20 -> 32988530
A22: 2. COSTOS INDIRECTOS
A23: HERRAMIENTAS | E23: =+H1*'siembra '!E25 -> 273960
A24: TRANSPORTE GENERAL DE LOS INSUMOS (30%COSTO INSUMOS) | E24: =E20*30% -> 6001819.9
A25: SUBTOTAL INDIRECTOS | E25: =SUM(E23:E24) -> 6275779.9
A26: COSTO TOTAL ESTABLECIMIENTO | E26: =E20+E25+E13 -> 39264310

Sheet siembra 
A1: ACCIONES DE RESTAURACIÓN POR HECTAREA
A2: Actividad | B2: Cantidad | C2: Unidad | D2: Costo Unitario | E2: Costo total
A3: DETALLE /Densidad de siembra 500 árboles/ha) | B3: CANT/Ha | C3: UNIDAD | D3: VALOR/UNIT | E3: TOTAL | F3: %
A4: 1. COSTOS DIRECTOS
A5: 1.1 MANO DE OBRA
A6: ROCERIA ALTA para adecuación | B6: 4.5 | C6: Jornal | D6: ='mano de obra '!$E$32 -> 98352 | E6: =B6*D6 -> 442584 | F6: =E6/$E$28 -> 0.045087663
A7: TRAZO | B7: 3 | C7: Jornal | D7: ='mano de obra '!$E$32 -> 98352 | E7: =B7*D7 -> 295056 | F7: =E7/$E$28 -> 0.030058442
A8: AHOYADO | B8: 7.5 | C8: Jornal | D8: ='mano de obra '!$E$32 -> 98352 | E8: =B8*D8 -> 737640 | F8: =E8/$E$28 -> 0.075146105
A9: PLATEO. | B9: 3 | C9: Jornal | D9: ='mano de obra '!$E$32 -> 98352 | E9: =B9*D9 -> 295056 | F9: =E9/$E$28 -> 0.030058442
A10: FERTILIZACION | B10: 1.5 | C10: Jornal | D10: ='mano de obra '!$E$32 -> 98352 | E10: =B10*D10 -> 147528 | F10: =E10/$E$28 -> 0.015029221
A11: SIEMBRA | B11: 7.5 | C11: Jornal | D11: ='mano de obra '!$E$32 -> 98352 | E11: =B11*D11 -> 737640 | F11: =E11/$E$28 -> 0.075146105
A12: RESIEMBRA | B12: 1.5 | C12: Jornal | D12: ='mano de obra '!$E$32 -> 98352 | E12: =B12*D12 -> 147528 | F12: =E12/$E$28 -> 0.015029221
A13: TRANSPORTE (menor) | B13: 3 | C13: Jornal | D13: ='mano de obra '!$E$32 -> 98352 | E13: =B13*D13 -> 295056 | F13: =E13/$E$28 -> 0.030058442
A14: CONTROL FITOSANITARIO | B14: 1.5 | C14: Jornal | D14: ='mano de obra '!$E$32 -> 98352 | E14: =B14*D14 -> 147528 | F14: =E14/$E$28 -> 0.015029221
A15: SUBTOTAL MO | B15: =SUM(B6:B14) -> 33 | E15: =SUM(E6:E14) -> 3245616 | F15: =E15/$E$28 -> 0.33064286
A16: 1.2 INSUMOS | F16: =E16/$E$28 -> 0
A17: PLANTULAS (incluye 10% pérdidas) (incentivo para implementación de viveros comunitarios) | B17: 1200 | C17: PLANTULA | D17: 3500 | E17: =B17*D17 -> 4200000 | F17: =E17/$E$28 -> 0.42786948
A18: FERTILIZANTE ORGANICO (250 GR /Plantula) gallinaza compostada bulto por 50 kg | B18: 330 | C18: KGR | D18: ='cotizaciones '!P12/50 -> 740.34 | E18: =B18*D18 -> 244312.2 | F18: =E18/$E$28 -> 0.024888984
A19: CONTROLADOR ORGANICO DE DEFOLIADORES x litro | B19: 4 | C19: litro | D19: ='cotizaciones '!P13 -> 74533 | E19: =B19*D19 -> 298132 | F19: =E19/$E$28 -> 0.030371806
A20: FERTILIZANTE LIQUIDO ORGANICO (litro) | B20: 2 | C20: LTS | D20: ='cotizaciones '!P14 -> 59275 | E20: =B20*D20 -> 118550 | F20: =E20/$E$28 -> 0.012077125
A21: CAL DOLOMITA (300gr/planta) | B21: 360 | C21: KGR | D21: ='cotizaciones '!P15/50 -> 390.34 | E21: =B21*D21 -> 140522.4 | F21: =E21/$E$28 -> 0.014315535
A22: SUBTOTAL INSUMOS | E22: =SUM(E17:E21) -> 5001516.6 | F22: =E22/$E$28 -> 0.50952293
A23: SUBTOTAL DIRECTOS | E23: =E15+E22 -> 8247132.6 | F23: =E23/$E$28 -> 0.84016579
A24: 2. COSTOS INDIRECTOS | F24: =E24/$E$28 -> 0
A25: HERRAMIENTAS (5% MO) | E25: 68490 | F25: =E25/$E$28 -> 0.0069773287
A26: TRANSPORTE GENERAL DE LOS INSUMOS (30%COSTO INSUMOS) | E26: =E22*30% -> 1500455 | F26: =E26/$E$28 -> 0.15285688
A27: SUBTOTAL INDIRECTOS | E27: =SUM(E25:E26) -> 1568945 | F27: =E27/$E$28 -> 0.15983421
A28: COSTO TOTAL ESTABLECIMIENTO X HAS | E28: =E22+E27+E15 -> 9816077.6 | F28: =E28/$E$28 -> 1
B31: VR UNITARIO POR HA | E31: =SUM(E28) -> 9816077.6
C33: ARBOL
C34: =E31/B17 -> 8180.0647
A35: OBSERVACIÓN: - Se establecerán 500 árboles en surcos cada 6 metros y a una distancia de 3 metros entre árbol. No se deben realizar rocerías completas; unicamente se debe realizar la rocería en los surcos a intervenir. - Se deben establecer minimo cinco especies por hectarea, de las cuales minimo una especie debe ser frutal. Las especies deben ser acordes a las condiciones climaticas de la zona y a la presencia de las mismas en el paisaje. - Los árboles a sembrar tendrán una altura entre 0,25 - 0,30. Bien lignificados la bolsa de siembra es de minimo 1 kilo, plántulas vigorosas y sin problemas fitosanitarios. - - El valor del transporte incluye: el transporte en vehículo automotor hasta 25 km de distancia del centro poblado, incluye el transporte No automotor y al hombro fuerte pendiente hasta una distancia de 5 kms de la carretera.

Sheet CERCA GUADUA EP
A1: ACTIVIDAD | B1: CANT | C1: UNIDAD | D1: COSTO UNITARIO | E1: COSTO TOTAL | G1: #Km | H1: 1
A2: 1. COSTOS DIRECTOS
A3: 1.1 MANO DE OBRA
A4: TRAZO Y ROCERÍA | B4: =+$H$1*'cerca en guadua '!B5 -> 6 | C4: Jornal | D4: ='mano de obra '!$E$32 -> 98352 | E4: =B4*D4 -> 590112
A5: AHOYADO | B5: =+$H$1*'cerca en guadua '!B6 -> 10 | C5: Jornal | D5: ='mano de obra '!$E$32 -> 98352 | E5: =B5*D5 -> 983520
A6: HINCADO | B6: =+$H$1*'cerca en guadua '!B7 -> 6 | C6: Jornal | D6: ='mano de obra '!$E$32 -> 98352 | E6: =B6*D6 -> 590112
A7: TEMPLADO Y GRAPADO | B7: =+$H$1*'cerca en guadua '!B8 -> 7 | C7: Jornal | D7: ='mano de obra '!$E$32 -> 98352 | E7: =B7*D7 -> 688464
A8: TRANSPORTE (menor) | B8: =+$H$1*'cerca en guadua '!B9 -> 5 | C8: Jornal | D8: ='mano de obra '!$E$32 -> 98352 | E8: =B8*D8 -> 491760
A9: PINTADA | B9: =+$H$1*'cerca en guadua '!B10 -> 5 | C9: Jornal | D9: ='mano de obra '!$E$32 -> 98352 | E9: =B9*D9 -> 491760
A10: SUBTOTAL MO | E10: =SUM(E4:E9) -> 3835728
A11: 1.2 INSUMOS
A12: POSTES DE GUADUA DE 2 M X DIAMETRO MINIMO DE 10 CM | B12: =+$H$1*'cerca en guadua '!B13 -> 433 | C12: POSTE | D12: ='cotizaciones '!P4 -> 6022 | E12: =B12*D12 -> 2607526
A13: ALAMBRE CALIBRE 14 X 350 M | B13: =+$H$1*'cerca en guadua '!B14 -> 10 | C13: ROLLO | D13: ='cotizaciones '!P6 -> 255451 | E13: =B13*D13 -> 2554510
A14: PINTURA AMARILLA ESMALTE | B14: =+$H$1*'cerca en guadua '!B15 -> 6 | C14: GALON | D14: ='cotizaciones '!P7 -> 83277 | E14: =B14*D14 -> 499662
A15: IMPERMEABILIZANTE(TIPO VARETA) | B15: =+$H$1*'cerca en guadua '!B16 -> 5 | C15: GALON | D15: ='cotizaciones '!P8 -> 154802 | E15: =B15*D15 -> 774010
A16: DISOLVENTE PARA PINTURA E IMPERMEABILIZANTE | B16: =+$H$1*'cerca en guadua '!B17 -> 3 | C16: GALON | D16: ='cotizaciones '!P9 -> 32000 | E16: =B16*D16 -> 96000
A17: GRAPAS de 3" | B17: =+$H$1*'cerca en guadua '!B18 -> 7 | C17: KILO | D17: ='cotizaciones '!P10 -> 11090 | E17: =B17*D17 -> 77630
A18: PUNTILLAS DE 3 PULGADAS | B18: =+$H$1*'cerca en guadua '!B19 -> 4 | C18: KILO | D18: ='cotizaciones '!P11 -> 5465 | E18: =B18*D18 -> 21860
A19: SUBTOTAL INSUMOS | E19: =SUM(E12:E18) -> 6631198
A20: SUBTOTAL DIRECTOS | E20: =E10+E19 -> 10466926
A21: HERRAMIENTAS (5% MO) | E21: =E10*5% -> 191786.4
A22: TRANSPORTE GENERAL DE LOS INSUMOS (30%COSTO INSUMOS) | E22: =E19*30% -> 1989359.4
A23: SUBTOTAL INDIRECTOS | E23: =SUM(E21:E22) -> 2181145.8
A24: COSTO TOTAL ESTABLECIMIENTO | E24: =SUM(E19+E23+E10) -> 12648072

Sheet cerca en guadua 
A1: AISLAMEINTO EN GUADUA CON CERCA INERTE VALOR POR KM
A2: CERCA INERTE (Establecimiento de franja amarilla en áreas de interés ambiental) | E2: =+E26 -> 12648072
A3: DETALLE | B3: CANT/Ha | C3: UNIDAD | D3: VALOR/UNIT | E3: V/TOTAL | F3: %
A4: 1. MANO DE OBRA
A5: TRAZO Y ROCERÍA | B5: 6 | C5: SMLV | D5: ='mano de obra '!$E$32 -> 98352 | E5: =B5*D5 -> 590112 | F5: =E5/$E$25 -> 0.046656282
A6: AHOYADO | B6: 10 | C6: SMLV | D6: ='mano de obra '!$E$32 -> 98352 | E6: =B6*D6 -> 983520 | F6: =E6/$E$25 -> 0.077760469
A7: HINCADO | B7: 6 | C7: SMLV | D7: ='mano de obra '!$E$32 -> 98352 | E7: =B7*D7 -> 590112 | F7: =E7/$E$25 -> 0.046656282
A8: TEMPLADO Y GRAPADO | B8: 7 | C8: SMLV | D8: ='mano de obra '!$E$32 -> 98352 | E8: =B8*D8 -> 688464 | F8: =E8/$E$25 -> 0.054432329
A9: TRANSPORTE (menor) | B9: 5 | C9: SMLV | D9: ='mano de obra '!$E$32 -> 98352 | E9: =B9*D9 -> 491760 | F9: =E9/$E$25 -> 0.038880235
A10: PINTADA | B10: 5 | C10: SMLV | D10: ='mano de obra '!$E$32 -> 98352 | E10: =B10*D10 -> 491760 | F10: =E10/$E$25 -> 0.038880235
A11: Subtotal mano de obra | B11: =SUM(B5:B10) -> 39 | E11: =SUM(E5:E10) -> 3835728 | F11: =E11/$E$25 -> 0.30326583
A12: 1.2 INSUMOS | E12: =B12*D12 -> 0 | F12: =E12/$E$25 -> 0
A13: POSTES DE GUADUA DE 2 M X DIAMETRO MINIMO DE 10 CM | B13: 433 | C13: POSTE | D13: ='cotizaciones '!P4 -> 6022 | E13: =B13*D13 -> 2607526 | F13: =E13/$E$25 -> 0.20615996
A14: ALAMBRE CALIBRE 14 X 350 M | B14: 10 | C14: ROLLO | D14: ='cotizaciones '!P6 -> 255451 | E14: =B14*D14 -> 2554510 | F14: =E14/$E$25 -> 0.20196833
A15: PINTURA AMARILLA ESMALTE | B15: 6 | C15: GALON | D15: ='cotizaciones '!P7 -> 83277 | E15: =B15*D15 -> 499662 | F15: =E15/$E$25 -> 0.039504994
A16: IMPERMEABILIZANTE(TIPO VARETA) | B16: 5 | C16: GALON | D16: ='cotizaciones '!P8 -> 154802 | E16: =B16*D16 -> 774010 | F16: =E16/$E$25 -> 0.061195889
A17: DISOLVENTE PARA PINTURA E IMPERMEABILIZANTE | B17: 3 | C17: GALON | D17: ='cotizaciones '!P9 -> 32000 | E17: =B17*D17 -> 96000 | F17: =E17/$E$25 -> 0.0075900897
A18: GRAPAS de 3" | B18: 7 | C18: KILO | D18: ='cotizaciones '!P10 -> 11090 | E18: =B18*D18 -> 77630 | F18: =E18/$E$25 -> 0.0061376944
A19: PUNTILLAS DE 3 PULGADAS | B19: 4 | C19: LIBRAS | D19: ='cotizaciones '!P11 -> 5465 | E19: =B19*D19 -> 21860 | F19: =E19/$E$25 -> 0.0017283267
A20: Subtotal insumos | E20: =SUM(E13:E19) -> 6631198 | F20: =E20/$E$25 -> 0.52428529
A21: 2 Costos Indirectos | E21: =E11+E20 -> 10466926 | F21: =E21/$E$25 -> 0.82755112
A22: HERRAMIENTAS (5% MO) | B22: 0.3 | E22: =E11*5% -> 191786.4 | F22: =E22/$E$25 -> 0.015163292
A23: TRANSPORTE GENERAL DE LOS INSUMOS (30%COSTO INSUMOS) | B23: 0.05 | E23: =E20*30% -> 1989359.4 | F23: =E23/$E$25 -> 0.15728559
A24: Subtotal costos indirectos | E24: =SUM(E22:E23) -> 2181145.8 | F24: =E24/$E$25 -> 0.17244888
A25: TOTAL COSTOS | E25: =SUM(E20+E24+E11) -> 12648072 | F25: =E25/$E$25 -> 1
E26: =E25 -> 12648072
A28: Observaciones: - Los postes de guadua deben ser de cepa, basa y sobrebasa y que cuenten con permiso de aprovechamiento forestal. - Los postes deben tener un mínimo de 10 cms de diámetro y 2 metros de longitud. - El estacón de guadua debe tener en su parte superior un corte recto y a ras del entrenudo para evitar el empocillamiento de guadua. - El valor del transporte incluye: el transporte en vehículo automotor hasta 25 km de distancia del centro poblado, incluye el transporte No automotor y al hombro fuerte pendiente hasta una distancia de 5 kms de la carretera.
A31: ESPECIFICACIONES TECNICAS
A32: ESPECIFICACION | B32: UNIDAD | C32: CANTIDAD
A33: Postes cada 2.5 mts | B33: poste | C33: 400
A34: Pies de amigo cada 30 metros | B34: poste | C34: 33
A35: Tres hilos de alambre calibre 14* | B35: rollo | C35: 10
A36: Hoyos de 0.5 m de profundidad por 0,4O x 0.4O m | B36: hoyos | C36: 433
A37: * Rollo de 350 metros
J50: 2

Sheet mano de obra 
A2: CÁLCULOS PARA MANO DE OBRA
A4: GRUPO DE BIODIVERSIDAD Y ECOSISTEMAS
C5: DOTACION LABORAL
A6: AÑO | B6: 2025 | C6: Guantes | D6: 8000
A7: SMLMV: | B7: 1800000 | C7: Botas | D7: 20000
A8: SUBSIDIO TRANSPORTE | B8: 200000 | C8: Gafas | D8: 5000
A9: DIAS LABORALES MES | B9: 30 | C9: Chalecos Visibilidad
A10: HORAS LABORALES POR DIA | B10: 8 | C10: Cascos con barbuquejo
C11: TOTAL | D11: =SUM(D6:D10) -> 33000
A13: ANALISIS DE PRESTACIONES SOCIALES PERSONAL CON SALARIO INFERIOR A 2 SMMV, VALIDO PARA OFICIALES Y AYUDANTES | C13: COSTO TRABAJADOR MENSUAL
A14: SALARIO | B14: 1 | C14: =B7 -> 1800000
A15: CESANTIAS | B15: 0.0833 | C15: =$C$14*B15 -> 149940
A16: VACACIONES | B16: 0.0417 | C16: =$C$14*B16 -> 75060
A17: PRIMA DE SERVICIOS | B17: 0.0833 | C17: =$C$14*B17 -> 149940
A18: INTERESES A LAS CESANTIAS | B18: 0.01 | C18: =$C$14*B18 -> 18000
A19: SUBSIDIO DE TRANSPORTE | B19: 0.1405 | C19: =B8 -> 200000
A20: APORTES SALUD | B20: 0.085 | C20: =$C$14*B20 -> 153000
A21: APORTES RIESGOS PROFESIONALES | B21: 0.0696 | C21: =$C$14*B21 -> 125280
A22: APORTES PENSION | B22: 0.12 | C22: =$C$14*B22 -> 216000
A23: APORTE SENA | C23: =$C$14*B23 -> 0
A24: APORTE ICBF | C24: =$C$14*B24 -> 0
A25: APORTE CCF | C25: =$C$14*B25 -> 0
A26: DOTACION DE LABOR | B26: 0.0058 | C26: =D11/4 -> 8250
A28: TOTAL PRESTACIONES SOCIALES | B28: =SUM(B14:B26) -> 1.6392 | C28: =SUM(C14:D26) -> 2895470
A30: DESCRIPCION DE MANO DE OBRA
B31: UN | C31: VR DIA | D31: FACTOR | E31: VR DIA INTEGRAL
A32: OBRERO CON PRESTACIONES | B32: Jornal | C32: =(B7/B9)*1 -> 60000 | D32: =$B$28 -> 1.6392 | E32: =ROUND(C32*D32,0) -> 98352

Sheet cotizaciones 
A3: DETALLE DE PRODUCTO | B3: ALMACEN DEL CAFÉ | C3: MADERAS DE OCCIDENTE | D3: TIERRAGRO | E3: EL POTRERO | F3: HOMECENTER | G3: MADERA JARAMILLO | H3: INMUNIZAR | I3: EASY | J3: SUPRATECH | K3: SAN PEDRO ORGANICOS S.A.S. | L3: CONSTRUYAMOS | M3: EL CAMPESINO | N3: ZULUAGA FERRETEROS | O3: CORPORACIÓN EJE CAFÉ | P3: V/L PROMEDIO
A4: POSTES DE GUADUA DE 2M X DIAMETRO MINIMO DE 10 CM | L4: 5800 | M4: 4966.6667 | O4: 7300 | P4: =ROUND(AVERAGE(B4:O4),0) -> 6022
A5: POSTES DE MADERA DE 2M 4 CARAS | G5: 27300 | H5: 37647 | O5: 26900 | P5: =ROUND(AVERAGE(B5:O5),0) -> 30616
A6: ALAMBRE CALIBRE 14 X 350 M DE 10 X10 | B6: 250000 | C6: =203000*1.19 -> 241570 | E6: =182000*1.19 -> 216580 | F6: 346900 | L6: =219000*1.19 -> 260610 | M6: 232500 | N6: 240000 | P6: =ROUND(AVERAGE(B6:O6),0) -> 255451
A7: PINTURA AMARILLA ESMALTE | C7: =79800*1.19 -> 94962 | E7: =40000*1.19 -> 47600 | F7: 109900 | L7: =70000*1.19 -> 83300 | M7: 83900 | N7: 80000 | P7: =ROUND(AVERAGE(B7:O7),0) -> 83277
A8: IMPERMEABILIZANTE (TIPO VARETA)*5GL | B8: 184100 | C8: =23800*1.19*5 -> 141610 | F8: 203900 | L8: =26000*5*1.19 -> 154700 | M8: =25900*5 -> 129500 | N8: =23000*5 -> 115000 | P8: =ROUND(AVERAGE(B8:O8),0) -> 154802
A9: DISOLVENTE PARA PINTURA E IMPERMEABILIZANTE | I9: 44990 | J9: 27000 | L9: =5800*5*1.19 -> 34510 | M9: 31000 | N9: =4500*5 -> 22500 | P9: =ROUND(AVERAGE(B9:O9),0) -> 32000
A10: GRAPAS de 3" | C10: =10400*1.19 -> 12376 | I10: 9490 | L10: =11500*1.19 -> 13685 | M10: 9900 | N10: 10000 | P10: =ROUND(AVERAGE(B10:O10),0) -> 11090
A11: PUNTILLAS DE 3 PULGADAS | B11: 5200 | C11: =4950*1.19 -> 5890.5 | E11: =5000*1.19 -> 5950 | L11: =5000*1.19 -> 5950 | M11: 4800 | N11: 5000 | P11: =ROUND(AVERAGE(B11:O11),0) -> 5465
A12: FERTILIZANTE ORGANICO (250 GR/Plántula) gallinaza compostada bulto por 50 kg | B12: 27050 | E12: 24000 | K12: 60000 | P12: =ROUND(AVERAGE(B12:O12),0) -> 37017
A13: CONTROLADOR ORGANICO DE DEFOLIADORES x litro | D13: 63600 | E13: 110000 | K13: 50000 | P13: =ROUND(AVERAGE(B13:O13),0) -> 74533
A14: FERTILIZANTE LIQUIDO ORGANICO (litro) | D14: 43000 | E14: 24500 | F14: =29900*4 -> 119600 | K14: 50000 | P14: =ROUND(AVERAGE(B14:O14),0) -> 59275
A15: CAL DOLOMITA (300gr/planta)*50K | B15: 17050 | D15: 25500 | E15: 16000 | P15: =ROUND(AVERAGE(B15:O15),0) -> 19517

Sheet Hoja1
